 Dungeon Crawl Stone Soup version 0.31.0-9-g3a7656b989 (webtiles) character file.

Game seed: 4899293942738573112

296 qw the Shooter (level 6, 0/30 HPs)
             Began as a Spriggan Hunter on Feb 2, 2024.
             Was an Initiate of Okawaru.
             Killed by divine providence
             ... invoked by an orc priest
              (16 damage)
             ... on level 5 of the Dungeon.
             The game lasted 00:00:13 (3075 turns).

qw the Shooter (Spriggan Hunter)                    Turns: 3075, Time: 00:00:13

Health: 0/30       AC:  5    Str:  7    XL:     6   Next: 12%
Magic:  7/7        EV: 21    Int: 11    God:    Okawaru [......]
Gold:   67         SH:  0    Dex: 20    Spells: 5/5 levels left

rFire   . . .        a - +0 shortbow
rCold   . . .        (shield currently unavailable)
rNeg    . . .        c - +0 robe
rPois   .            (helmet restricted)
rElec   .            e - +2 cloak
rCorr   .            (gloves unavailable)
SInv    +            (boots unavailable)
Will    +....        (no amulet)
Stlth   ++           (no ring)
HPRegen 0.25/turn    (no ring)
MPRegen 0.10/turn

%: no passive effects
@: very quick
A: very small, no large weapons, unfitting armour, see invisible, speed 3
a: Renounce Religion


You were on level 5 of the Dungeon.
You worshipped Okawaru.
Okawaru was noncommittal.
You visited 1 branch of the dungeon, and saw 5 of its levels.

You collected 211 gold pieces.
You spent 144 gold pieces at shops.


Innate Abilities, Weirdness & Mutations

You are very small and have problems with some larger weapons.
You are too small for most types of armour.
You have supernaturally acute eyesight. (SInv)
You cover ground extremely quickly. (Speed+++)


   Skills:
 - Level 2.1 Fighting
 - Level 6.0 Ranged Weapons
 + Level 5.6 Dodging
 - Level 1.5 Stealth


You had 5 spell levels left.
You didn't know any spells.
Your spell library was empty.

Inventory:

Hand Weapons
 a - a +0 shortbow (weapon)
Armour
 c - a +0 robe (worn)
 e - a +2 cloak (worn)
Wands
 i - a wand of light (10)
Scrolls
 b - a scroll of enchant armour
Potions
 d - a potion of haste
 j - a potion of mutation

Dungeon Overview and Level Annotations

Branches:
Dungeon (5/15)
 Temple: D:4-7

Altars:
Dithmenos
Nemelex Xobeh
Okawaru
Wu Jian
Yredelemnul

Shops:
D:4 *[


Message History

A profound silence engulfs you.
It was a scroll of silence.
You start waiting.
Your hearing returns.
Done waiting.
Done exploring.
3042 ||| DROPPING scroll of silence.
You drop a scroll of silence.
Done exploring.
What level of the Dungeon? (default 4, ? - help)
There is a stone staircase leading down here.
You climb downwards.
Found a murky green potion, a glowing iron wand and 7 stones.
Found a stone staircase leading up.
There is a stone staircase leading up here.
There are monsters nearby!
Waypoint 4 assigned to D:5.
You shoot an arrow. The arrow hits the centaur.
The centaur shouts!
The centaur is lightly wounded.
You hear a shout! x2
The centaur wields a +0 shortbow.
The centaur shoots an arrow.
The arrow closely misses you.
You shoot an arrow. The arrow hits the centaur.
The centaur is moderately wounded.
You shoot an arrow. The arrow closely misses the centaur.
The centaur shoots an arrow.
The arrow closely misses you.
You hear a shout! x2
You shoot an arrow.
The arrow hits the centaur but does no damage.
The centaur is moderately wounded.
The centaur shoots an arrow.
The arrow completely misses you.
An orc priest comes into view. It is wielding a +0 club.
The centaur shoots an arrow.
The arrow completely misses you.
You hear an angry hiss.
You shoot an arrow. The arrow hits the orc priest.
The orc priest is moderately wounded.
The orc priest mumbles some strange prayers to Beogh against you.
Beogh smites you!
The orc priest calls down the wrath of Beogh upon you.
Beogh smites you!
Ouch! That really hurt!
You die...

##. ..# # ..
#.###/#######
............##.
..............!
.#..........#
.......@....#
.#..........#
...<........#
....co......#
............#
.....(.......#
.......##.....#
.....o. ###...


You could see a centaur and 2 orc priests.

Vanquished Creatures
  A scorpion (D:4)
  A bombardier beetle (D:4)
  An orc priest (D:4)
  2 orc wizards (D:4)
  3 adders
  A dart slug (D:1)
  5 ribbon worms
  7 orcs (D:4)
  5 endoplasms
  6 giant cockroaches
  8 goblins
  4 hobgoblins
  5 jackals
  4 quokkas
  7 ball pythons
  2 bats
  6 frilled lizards
  10 kobolds
  8 rats
86 creatures vanquished.

Notes
Turn   | Place    | Note
-------+----------+-------------------------------------------
     0 | D:1      | qw the Spriggan Hunter began the quest for the Orb.
     0 | D:1      | Reached XP level 1. HP: 10/10 MP: 2/2
     0 | D:1      | 0 ||| qw: Version: 0.3-a-155-g5e7d8dd
     0 | D:1      | 0 ||| qw: Game counter: 582
     0 | D:1      | 0 ||| qw: Melee chars always use a shield: true
     0 | D:1      | 0 ||| qw: God list: Okawaru
     0 | D:1      | 0 ||| qw: Allow faded altars: false
     0 | D:1      | 0 ||| qw: Do Orc after clearing Dungeon:15 true
     0 | D:1      | 0 ||| qw: Do second Lair branch before Depths: true
     0 | D:1      | 0 ||| qw: Lair rune preference: random
     0 | D:1      | 0 ||| qw: Goals: Normal
     0 | D:1      | 0 ||| PLANNING D:1-11
    65 | D:1      | Reached skill level 3 in Dodging
   166 | D:1      | Reached XP level 2. HP: 14/14 MP: 3/3
   579 | D:1      | 579 ||| UPGRADING to +0 cloak.
   584 | D:1      | 584 ||| READING scroll labelled INEESI SEMUL.
   611 | D:1      | 611 ||| DROPPING scroll of butterflies.
   674 | D:2      | Found a sparkling altar of Nemelex Xobeh.
   714 | D:2      | Reached XP level 3. HP: 18/18 MP: 4/4
  1431 | D:2      | 1431 ||| READING scroll labelled LUAVAZ PAOGGIE.
  1432 | D:2      | 1432 ||| READING scroll labelled SIXKU QUHEIL.
  1432 | D:2      | 1432 ||| IDENTIFYING bubbling green potion
  1536 | D:3      | Reached skill level 5 in Ranged Weapons
  1552 | D:3      | Reached XP level 4. HP: 18/22 MP: 5/5
  1703 | D:3      | Found a basalt altar of Yredelemnul.
  1767 | D:3      | Found an iron altar of Okawaru.
  1769 | D:3      | Found a shadowy altar of Dithmenos.
  1907 | D:3      | Found a faded altar of an unknown god.
  1911 | D:3      | 1911 ||| READING scroll of identify.
  1911 | D:3      | 1911 ||| IDENTIFYING bubbling brown potion
  1912 | D:3      | 1912 ||| READING scroll labelled ATZUGY GITE.
  1917 | D:3      | 1917 ||| READING scroll labelled CYTWEU DAVOI.
  1918 | D:3      | 1918 ||| READING scroll labelled URYUDD UDOCOZ.
  1919 | D:3      | 1919 ||| DROPPING potion of lignification.
  1921 | D:3      | 1921 ||| Stepping ~*~*~tactically~*~*~ (cloud).
  1929 | D:3      | HP: 5/22 [poisoned by you (poison gas)]
  2022 | D:4      | Found Vayheg's Assorted Antiques.
  2023 | D:4      | 2023 ||| STAIRDANCE
  2047 | D:4      | 2047 ||| STAIRDANCE
  2086 | D:4      | 2086 ||| BUYING 3 scrolls labelled VOG TECEMNU (72 gold).
  2086 | D:4      | Bought 3 scrolls labelled VOG TECEMNU for 72 gold pieces
  2086 | D:4      | 2086 ||| SHOPLISTING crooked lead wand (96 gold, have 91).
  2086 | D:4      | 2086 ||| BUYING scroll labelled DAUC SOUBI (24 gold).
  2086 | D:4      | Bought a scroll labelled DAUC SOUBI for 24 gold pieces
  2086 | D:4      | 2086 ||| BUYING scroll of identify (48 gold).
  2086 | D:4      | Bought a scroll of identify for 48 gold pieces
  2170 | D:4      | 2170 ||| FLEEEEING.
  2186 | D:4      | HP: 5/23 [orc wizard/puff of flame (4)]
  2188 | D:4      | 2188 ||| DRINKING green potion.
  2200 | D:4      | Noticed a scorpion
  2201 | D:4      | Reached XP level 5. HP: 7/26 MP: 6/6
  2201 | D:4      | 2201 ||| FLEEEEING.
  2202 | D:4      | 2202 ||| FLEEEEING.
  2204 | D:4      | 2204 ||| FLEEEEING.
  2205 | D:4      | 2205 ||| FLEEEEING.
  2206 | D:4      | 2206 ||| FLEEEEING.
  2207 | D:4      | 2207 ||| FLEEEEING.
  2208 | D:4      | 2208 ||| FLEEEEING.
  2209 | D:4      | 2209 ||| FLEEEEING.
  2214 | D:4      | 2214 ||| FLEEEEING.
  2215 | D:4      | 2215 ||| FLEEEEING.
  2216 | D:4      | 2216 ||| FLEEEEING.
  2217 | D:4      | 2217 ||| FLEEEEING.
  2218 | D:4      | 2218 ||| FLEEEEING.
  2219 | D:4      | 2219 ||| FLEEEEING.
  2220 | D:4      | 2220 ||| FLEEEEING.
  2221 | D:4      | 2221 ||| FLEEEEING.
  2222 | D:4      | 2222 ||| FLEEEEING.
  2223 | D:4      | 2223 ||| FLEEEEING.
  2224 | D:4      | 2224 ||| FLEEEEING.
  2225 | D:4      | 2225 ||| FLEEEEING.
  2226 | D:4      | 2226 ||| FLEEEEING.
  2227 | D:4      | 2227 ||| FLEEEEING.
  2228 | D:4      | 2228 ||| FLEEEEING.
  2231 | D:4      | 2231 ||| FLEEEEING.
  2233 | D:4      | 2233 ||| FLEEEEING.
  2234 | D:4      | 2234 ||| FLEEEEING.
  2235 | D:4      | 2235 ||| FLEEEEING.
  2236 | D:4      | 2236 ||| FLEEEEING.
  2238 | D:4      | 2238 ||| FLEEEEING.
  2239 | D:4      | 2239 ||| FLEEEEING.
  2240 | D:4      | 2240 ||| FLEEEEING.
  2241 | D:4      | 2241 ||| FLEEEEING.
  2242 | D:4      | 2242 ||| FLEEEEING.
  2245 | D:4      | 2245 ||| FLEEEEING.
  2246 | D:4      | 2246 ||| FLEEEEING.
  2247 | D:4      | 2247 ||| FLEEEEING.
  2248 | D:4      | 2248 ||| FLEEEEING.
  2249 | D:4      | 2249 ||| FLEEEEING.
  2250 | D:4      | 2250 ||| FLEEEEING.
  2251 | D:4      | 2251 ||| FLEEEEING.
  2252 | D:4      | 2252 ||| FLEEEEING.
  2253 | D:4      | 2253 ||| FLEEEEING.
  2256 | D:4      | 2256 ||| FLEEEEING.
  2257 | D:4      | 2257 ||| FLEEEEING.
  2258 | D:4      | 2258 ||| FLEEEEING.
  2259 | D:4      | 2259 ||| FLEEEEING.
  2260 | D:4      | 2260 ||| FLEEEEING.
  2353 | D:4      | Reached skill level 6 in Ranged Weapons
  2353 | D:4      | Reached XP level 6. HP: 16/30 MP: 7/7
  2429 | D:4      | Found Iluzuv's Armour Shop.
  2440 | D:4      | 2440 ||| SHOPLISTING +2 robe of Voracious Beauty {rPois
                  | Will+ Str-5 Archmagi} (310 gold, have 33).
  2457 | D:4      | 2457 ||| DROPPING ring of magical power.
  2458 | D:4      | 2458 ||| READING scroll of identify.
  2458 | D:4      | 2458 ||| IDENTIFYING scroll labelled DAUC SOUBI
  2459 | D:4      | 2459 ||| READING 3 scrolls labelled VOG TECEMNU.
  2459 | D:4      | 2459 ||| ENCHANTING +0 cloak.
  2460 | D:4      | 2460 ||| READING 2 scrolls of enchant armour.
  2460 | D:4      | 2460 ||| ENCHANTING +1 cloak.
  2461 | D:4      | 2461 ||| DROPPING scroll of blinking.
  2470 | D:3      | 2470 ||| PLANNING OKAWARU WORSHIP
  2473 | D:3      | Became a worshipper of Warmaster Okawaru
  2474 | D:3      | 2474 ||| PLANNING D:1-11
  2859 | D:4      | Found an ornate altar of the Wu Jian Council.
  2939 | D:4      | 2939 ||| READING scroll of identify.
  2939 | D:4      | 2939 ||| IDENTIFYING amethyst potion
  2940 | D:4      | 2940 ||| READING scroll labelled IVOIM ALUEC.
  2941 | D:4      | 2941 ||| READING 2 scrolls labelled SIEKKAT CAWI.
  3042 | D:4      | 3042 ||| DROPPING scroll of silence.
  3070 | D:5      | Entered Level 5 of the Dungeon
  3075 | D:5      | Killed from afar by an orc priest

Levels and vault maps discovered:
D:1:      sevenhm_arrival_forest_fort_small_3, layout_loops_ring
D:2:      layout_basic, basic_altar, dreamdust_princess_bridge
D:3:      layout_basic, nicolae_overflow_hidden_temple,
          dreamdust_ecumenical_altar_angels_and_demons, minmay_statues_item
D:4:      layout_loops_ring, pdpol_wu_jian_five_deadly_venoms, serial_shops,
          shop, nicolae_stop_n_shop_2, minmay_crystal_water
D:5:      layout_rooms, temple_statues, serial_shops,
          nicolae_shop_bloodbath_and_beyond, nicolae_sextant,
          serial_bayou_lagoon_b, uniq_grinder

Skill      XL: |  1  2  3  4  5 |
---------------+----------------+-----
Dodging        | 3 4 5 |  5.6
Ranged Weapons | 5 6 |  6.0
Fighting       | 2 |  2.1
Stealth        | |  1.5

Action                     |  1- 3 |  4- 6 || total
---------------------------+-------+-------++-------
   Fire: Shortbow          |   137 |   126 ||   263
    Use: Scroll            |     3 |    10 ||    13
         Potion            |       |     1 ||     1
 Armour: Robe              |     9 |    20 ||    29
  Dodge: Dodged            |    47 |    62 ||   109

Table legend:
 A = Non-vault XP
 B = Vault XP
 C = Vault XP percentage of total XP
 D = Non-vault monster count
 E = Vault monster count
 F = Vault count percentage of total count
                 A         B        C        D         E       F
            +---------+---------+-------+---------+---------+-------
      Total |     423 |       0 |   0.0 |      86 |       0 |   0.0
            +---------+---------+-------+---------+---------+-------
        D:1 |      32 |       0 |   0.0 |      20 |       0 |   0.0
        D:2 |      42 |       0 |   0.0 |      22 |       0 |   0.0
        D:3 |      49 |       0 |   0.0 |      16 |       0 |   0.0
        D:4 |     300 |       0 |   0.0 |      28 |       0 |   0.0
            +---------+---------+-------+---------+---------+-------
